Map: Prion Terraces

Players

ILLBdA

  • Race: Protoss Protoss
  • League: Diamond

IlIIIlIIIlIl - Winner!

  • Race: Terran Terran
  • League: Diamond

VOD

Have the link to the VOD?

Description

Time

  • Played on: Dec. 23, 2015, 8:57 a.m.
  • Length: 8:22
Show
View Real Time Build Order
Export as new Build Order

ILLBdA Protoss 

Build Orders: Oracle Opening, Phoenix Opening 

Get SALT Encoding   

  12  0:01  Probe (Chrono Boost)  
  13  0:11  Probe (Chrono Boost)  
  14  0:20  Pylon  
  14  0:22  Probe (Chrono Boost)  
  15  0:38  Gateway, Probe (Chrono Boost)  
  16  0:49  Probe (Chrono Boost)  
  17  0:50  Assimilator  
  17  0:54  Assimilator  
  17  0:59  Probe (Chrono Boost)  
  18  1:10  Probe (Chrono Boost)  
  19  1:20  Probe (Chrono Boost), Pylon  
  20  1:26  Cybernetics Core  
  20  1:31  Probe (Chrono Boost)  
  20  1:32  Pylon  
  21  1:41  Probe (Chrono Boost)  
  22  1:52  Probe (Chrono Boost)  
  23  2:04  Stargate  
  23  2:05  Stalker (Chrono Boost)  
  23  2:07  Probe  
  26  2:13  Warp Gate  
  26  2:21  Gateway  
  26  2:35  Probe  
  27  2:39  Gateway  
  27  2:47  Oracle (Chrono Boost)  
  30  2:56  Pylon  
  30  2:57  Stalker (Chrono Boost)  
  32  3:12  Gateway  
  32  3:26  Void Ray (Chrono Boost)  
  36  3:46  Pylon  
  38  4:03  Phoenix (Chrono Boost)  
  38  4:16  Stalker x2  
  38  4:17  Stalker x2  
  43  4:59  Nexus  
  43  5:00  Pylon  
  43  5:03  Fleet Beacon  
  45  5:14  Phoenix (Chrono Boost)  
  45  5:19  Forge  
  45  5:22  Zealot x2  
  45  5:24  Probe  
  50  5:48  Tempest (Chrono Boost)  
  54  5:53  Photon Cannon  
  54  6:03  Probe  
  59  6:26  Tempest (Chrono Boost)  
  59  6:34  Probe  
  59  6:37  Assimilator  
  60  6:40  Probe  
  60  6:42  Assimilator  
  61  6:50  Pylon  
  61  7:04  Tempest (Chrono Boost)  
  65  7:11  Zealot x2  
  69  7:19  Mothership Core  
  71  7:26  Probe  
  72  7:36  Probe  
  72  7:40  Probe  
  74  7:48  Stalker x2  
  70  8:05  Stalker x2  
Show
View Real Time Build Order
Export as new Build Order

IlIIIlIIIlIl Terran - Winner!

Build Orders: Cyclone Opening 

Get SALT Encoding   

  12  0:01  SCV  
  13  0:13  SCV  
  14  0:17  Supply Depot  
  14  0:25  SCV  
  15  0:39  SCV  
  16  0:46  Refinery, Barracks  
  16  0:51  SCV  
  17  1:03  SCV  
  18  1:15  SCV  
  19  1:27  SCV  
  19  1:31  Refinery  
  20  1:35  Marine  
  20  1:38  Supply Depot  
  20  1:39  Orbital Command  
  21  1:50  Factory  
  21  2:06  Barracks Reactor  
  21  2:10  SCV  
  21  2:13  Supply Depot  
  22  2:24  SCV  
  23  2:35  Factory Tech Lab  
  23  2:36  Starport  
  23  2:42  SCV  
  24  2:45  Marine x2  
  24  2:50  Engineering Bay  
  26  2:55  Cyclone  
  28  3:02  SCV  
  28  3:03  Marine x2  
  31  3:06  Supply Depot  
  31  3:14  SCV  
  31  3:15  Medivac  
  33  3:30  Missile Turret  
  32  3:41  Siege Tank, Marine x2  
  36  3:45  SCV  
  38  3:58  SCV  
  38  4:00  Bunker  
  38  4:01  Marine x2  
  41  4:03  Missile Turret  
  41  4:18  Viking  
  41  4:21  SCV  
  44  4:31  Supply Depot, Marine x2  
  44  4:33  SCV  
  47  4:42  Missile Turret  
  47  4:53  Marine x2  
  47  4:57  Viking  
  47  4:59  Cyclone  
  54  5:04  Missile Turret  
  54  5:34  Barracks  
  54  5:35  Barracks, Liberator  
  54  5:38  Supply Depot  
  54  5:40  Barracks Reactor, Siege Tank  
  57  5:45  Liberator  
  60  6:03  SCV  
  64  6:06  Supply Depot  
  64  6:16  SCV  
  64  6:17  Marine x2  
  67  6:28  SCV  
  67  6:33  Supply Depot, Marine  
  67  6:37  Marine x2  
  70  6:41  Supply Depot  
  70  6:45  Factory Reactor  
  70  6:55  Marine x2  
  70  6:56  Medivac  
  74  7:03  Marine  
  75  7:12  Liberator  
  75  7:13  Marine x2  
  77  7:21  Marine  
  78  7:23  Widow Mine  
  78  7:24  Widow Mine  
  85  7:31  Marine x2  
  87  7:37  SCV  
  87  7:39  Marine  
  89  7:49  SCV, Marine x2  
  89  7:50  Supply Depot  
  92  7:57  Marauder  
Tags
 
Add a new tag
Caveats
  • Supply blocks, unpowered buildings, or Contaminate may cause inaccurate times.
  • Supply counts are checked every 10 seconds.